woodfighter, chaotic female giant Ranger -------------- |%%/%%%%%%(%@| |%%%%%%(!%%m%| |.......@....| --------+----- # # # # # # ---.-+- |.....| |......######+ |...<.| |.....| ------- woodfighter the Ranger Experience level: 3 Strength: 24 Dexterity: 13 Constitution: 14 Intelligence: 14 Wisdom: 14 Charisma: 7 Health: 0(20) Energy: 13(13) Def: 15 Gold: 358 Moves: 3137 Dungeon seed [set]: Game ID: woodfighter_1677981986 Your Inventory: Coins $ - 358 gold pieces Weapons a - an uncursed +2 sling (weapon in hand) l - 53 uncursed +0 arrows m - an uncursed +1 arrow Armor g - an uncursed +0 pair of high boots n - an uncursed +0 pair of water walking boots (being worn) q - an uncursed +2 dented pot y - an uncursed +2 dented pot z - an uncursed +2 dented pot N - an uncursed +2 dented pot (being worn) Y - an uncursed +1 large shield (being worn) Comestibles b - an uncursed cram ration Potions h - an uncursed potion of healing B - a blessed potion of sleeping Wands c - an uncursed wand of slow monster (0:3) i - an uncursed wand of enlightenment (0:12) Tools k - an uncursed skeleton key Gems e - 39 uncursed flints (in quiver) j - 2 uncursed worthless pieces of blue glass s - an uncursed worthless piece of black glass Boulders/Statues r - an uncursed boulder Spells and supernatural/magical abilities: Name Level Category Fail Memory W - pray for help -- divine ? -- Your skills at the end: Miscellaneous Skills wands [Basic] Weapon Skills two-handed sword [Basic] sling [Basic] Spellcasting Skills Final Attributes: You were devoutly aligned. Your writing hand was ok. You had automatic searching. You had infravision. You were somewhat stealthy. You could walk on water. You were held by a giant mimic. You are dead. Vanquished creatures: a giant bat a hobbit 2 geckos 2 giant rats a red mold a gnome zombie 12 jackals 2 kobolds 4 newts 4 grid bugs 2 bats 4 lichens 4 kobold zombies 40 creatures vanquished. Voluntary challenges: You did not adorn yourself with jewelry or accessories. You did not cause conflict. You were not invisible. You did not have reflection. You were not displaced. You did not donate to any temples.. You never hit with a wielded weapon. You did not use tools. You did not use plumbed fixtures. You did not drink any magical draughts. You were illiterate. You never genocided any monsters. You never polymorphed an object. You never changed form. You used no wishes. You did not use any artifacts. You never split a pudding. You never wrote Elbereth's name. You never violated your personal moral code. You enabled loading special bones files. Dungeon overview: The Dungeons of Doom: levels 1 to 4 Level 1 (statue) a long staircase Level 2 an altar to Venus, a fountain Level 3 (statue + shop) a shop, a fountain stairs to The Gnomish Mines Level 4 <- You were here a delicatessen The Gnomish Mines: Level 4 stairs to The Dungeons of Doom History has recorded: On T:1 you entered the Dungeons of Doom to retrieve the Amulet of Yendor! On T:485 you reached level 2 of The Dungeons of Doom. On T:1322 you advanced to experience level 2. On T:1335 you reached level 3 of The Dungeons of Doom. On T:1836 you reached level 1 of The Gnomish Mines. On T:2053 you reached level 4 of The Dungeons of Doom. On T:2134 you advanced to experience level 3. Score breakdown: Gold: 358 ( 35 points) Experience: 3 levels ( 200 points) Exploration: 4 levels ( 90 points) Discoveries: 6 items ( 300 points) Variety of kills: 13 monsters ( 650 points) Major goal: (nothing yet) ( 0 points) Survival: died (score multiplied by 3) Total score: 3825 Latest messages: The door closes. 1 zorkmid is added to your credit. You see here 2 eggs (28 zorkmids). The gold piece misses the giant mimic. 1 zorkmid is added to your credit. Your credit is reduced by 1 zorkmid. $ - a gold piece. You see here a food ration (68 zorkmids). The giant mimic claws you! The giant mimic misses. You shoot 2 flints. The 1st flint hits the giant mimic! Ngebel seems uninterested. The 2nd flint hits the giant mimic! Ngebel seems uninterested. The flint hits the giant mimic. Ngebel seems uninterested. The giant mimic claws you! You die... Ngebel gratefully inherits all your possessions. Final status: Goodbye woodfighter the Ranger, killed by a giant mimic... You died in The Dungeons of Doom on dungeon level 4 with 3825 points, and 358 pieces of gold, after 3137 moves. You were level 3 with a maximum of 20 hit points when you died.